AoeStats
← KK

Nomad

506765558Analyzed
4v4 RM · 18d ago on Sep 15, 2026· 40m 59s· 8 players
Game mode
Random Map
Map size
231×231
Population
200
Speed
Normal
Resources
Standard
Victory
Conquest
Starting age
Dark Age
Ending age
Imperial Age
RankedLock teamsTeams togetherTeam positionsShared explorationLock speedFull tech treeHidden civsTurbo modeCheats
Victory
Defeat
🇨🇳 Italians · China
1499
+11
🇨🇳 Mongols · China
1498
+11
🇦🇷 Malay · Argentina
1404
+14
🇺🇾 Turks · Uruguay
1292
+18
🇩🇴 Saracens · Dominican Republic
1413
-15
🇨🇳 Lithuanians · China
1379
-14
🇷🇴 Franks · Romania
1353
-13
🇲🇽 Persians · Mexico
1326
-12
[GDL]Cucumber
5:55 Loom
12:55 Feudal Age
13:52 Double-Bit Axe
14:06 Gold Mining
15:36 Fletching
21:50 Castle Age
20:10 Horse Collar
20:22 Fishing Lines
22:08 Padded Archer Armor
22:47 Wheelbarrow
22:27 Medium Warships
22:09 Gillnets
22:15 Bodkin Arrow
22:43 Bow Saw
25:39 Hand Cart
25:09 Town Watch
31:31 Scale Barding Armor
35:05 Imperial Age
32:56 Forging
32:56 Heavy Plow
33:42 Bloodlines
34:14 Husbandry
35:24 Chain Barding Armor
37:17 Plate Barding Armor
Faith
8:51 Loom
13:38 Feudal Age
17:22 Castle Age
15:42 Double-Bit Axe
18:45 Bow Saw
19:46 Horse Collar
24:27 Wheelbarrow
25:26 Scale Barding Armor
25:32 Forging
26:40 Bloodlines
27:21 Chain Barding Armor
26:59 Gold Mining
34:58 Imperial Age
33:32 Hand Cart
33:02 Town Watch
34:26 Iron Casting
sjhgdtbr
3:16 Loom
14:26 Feudal Age
16:02 Town Watch
16:33 Double-Bit Axe
18:06 Wheelbarrow
21:21 Castle Age
19:25 Fishing Lines
23:34 Bow Saw
25:56 Town Patrol
26:13 Hand Cart
32:39 Forging
33:21 #83
33:26 Scale Mail Armor
34:20 Iron Casting
35:27 Fletching
35:25 Light Cavalry
39:56 Imperial Age
38:38 Scale Barding Armor
Malcolm Little
10:17 Loom
12:38 Feudal Age
13:41 Double-Bit Axe
14:43 Town Watch
19:42 Fletching
28:00 Castle Age
26:15 Stone Mining
28:19 Crossbowman
_Cypress_
10:58 Loom
13:43 Feudal Age
19:15 Castle Age
17:41 Double-Bit Axe
20:03 Fletching
20:01 Town Watch
40:48 Imperial Age
38:22 Padded Archer Armor
38:24 Gold Mining
38:55 Horse Collar
40:57 Bow Saw
41:43 Gold Shaft Mining
41:54 Conscription
NorthOrigin
12:49 Feudal Age
13:03 Loom
16:25 Castle Age
15:01 Double-Bit Axe
17:17 Medium Warships
17:49 Bow Saw
18:50 Fishing Lines
25:48 Gillnets
27:23 Siphons
28:04 Wheelbarrow
28:00 Careening
28:01 Clinker Construction
27:57 Horse Collar
34:27 Imperial Age
32:29 Fletching
33:04 Ballistics
33:28 Gold Mining
33:29 Stone Mining
34:35 Coinage
34:26 Bodkin Arrow
35:20 Hand Cart
36:00 Banking
36:10 Heavy Warships
36:52 Conscription
36:35 Bracer
38:00 Chemistry
37:12 Elite Genoese Crossbowman
39:37 Stone Shaft Mining
40:26 Padded Archer Armor
41:33 Leather Archer Armor
KK
5:47 Loom
13:00 Feudal Age
13:47 Double-Bit Axe
18:49 Castle Age
18:38 Horse Collar
20:33 Wheelbarrow
20:48 Bow Saw
20:59 Town Watch
22:09 Heavy Plow
26:28 Fletching
26:30 Gold Mining
29:19 Imperial Age
26:56 Padded Archer Armor
26:48 Stone Mining
28:05 Bodkin Arrow
29:22 Leather Archer Armor
30:39 Bracer
30:59 Husbandry
31:09 Bloodlines
32:48 Chemistry
32:09 Ballistics
32:56 Elite Mangudai
34:17 Conscription
34:29 Masonry
35:57 Parthian Tactics
36:39 Coinage
36:52 Hand Cart
37:57 Thumb Ring
38:13 Light Cavalry
39:09 Scale Barding Armor
39:15 Forging
jeremias723
4:49 Loom
14:55 Feudal Age
15:03 Double-Bit Axe
23:56 Castle Age
22:33 Fletching
23:43 Town Watch
25:25 Wheelbarrow
26:20 Horse Collar
31:25 Heavy Plow
31:23 Stone Mining
33:02 Town Patrol
33:20 Hand Cart
35:04 Bow Saw
35:44 Caravan
38:33 Imperial Age
40:25 Caravan
Connection lost

Rejoining the realm…

Still unreachable

The connection could not be restored.

Session expired

The server has moved on; the page needs a fresh start.